 Dungeon Crawl Stone Soup version 0.27.1 (webtiles) character file.

Game seed: 16981119456770815730

2652 bnorton916 the Thaumaturge (level 9, -3/55 HPs)
             Began as a Deep Elf Conjurer on Aug 27, 2021.
             Was a Follower of Ashenzari.
             Shot with a sling bullet by Joseph (18 damage)
             ... on level 7 of the Dungeon.
             The game lasted 00:15:04 (6781 turns).

bnorton916 the Thaumaturge (Deep Elf Conjurer)      Turns: 6781, Time: 00:15:04

Health: -3/55      AC:  3    Str:  6    XL:     9   Next: 36%
Magic:  4/25       EV: 12    Int: 25    God:    Ashenzari [*.....]
Gold:   240        SH:  0    Dex: 13    Spells: 14/28 levels left

rFire    . . .     SeeInvis .   (no weapon)
rCold    . . .     Faith    .   (no shield)
rNeg     . . .     Spirit   .   q - +1 robe "Omniscient Bitterness" {Will+, Self, Alch} (curse)
rPois    .         Reflect  .   (no helmet)
rElec    .         Harm     .   (no cloak)
rCorr    .         Rampage  .   (no gloves)
Will     +....                  (no boots)
Stlth    ++........             t - amulet of Ashenzari's Repose {RegenMP, Elem, Self} (curse)
HPRegen  0.18/turn              (no ring)
MPRegen  0.44/turn              (no ring)

@: very slightly contaminated
A: no striking features
a: Renounce Religion, Curse Item, Shatter the Chains


You were on level 7 of the Dungeon.
You worshipped Ashenzari.
Ashenzari was aware of your devotion.
You visited 1 branch of the dungeon, and saw 7 of its levels.

You collected 240 gold pieces.

Inventory:

Hand Weapons
 a - a +5 dagger
 y - a +2 short sword of freezing
Missiles
 d - 221 stones
 A - 2 throwing nets
Armour
 c - quicksilver dragon scales
 o - a +1 robe of fire resistance
 q - the cursed +1 robe "Omniscient Bitterness" (worn) {Will+, Self, Alch}
   (You found it on level 4 of the Dungeon)

   It has a curse which improves the following skills: Introspection: Fighting
   and Spellcasting.
   Alchemy:   Poison Magic and Transmutations.
 B - +0 acid dragon scales
Magical Staves
 f - a staff of earth
Jewellery
 t - the cursed amulet of Ashenzari's Repose (around neck) {RegenMP, Elem, Self}
   (You found it on level 5 of the Dungeon)

   [amulet of magic regeneration]

   It increases your rate of magic regeneration.
   It has a curse which improves the following skills: Elements: Fire Magic, Ice
   Magic, Air Magic and Earth Magic.
   Introspection: Fighting and Spellcasting.
 v - a ring of protection from cold
Wands
 u - a wand of acid (6)
 x - a wand of paralysis (9)
Scrolls
 b - 4 scrolls of blinking
 e - 2 scrolls of enchant armour
 l - 3 scrolls of teleportation
 m - 3 scrolls of noise
 s - a scroll of fog
 w - a scroll of silence
Potions
 g - 3 potions of heal wounds
 h - a potion of attraction
 i - a potion of mutation
 j - 3 potions of resistance
 k - 3 potions of curing
 n - 2 potions of brilliance
 p - a potion of haste
 r - a potion of flight
 z - a potion of ambrosia


   Skills:
 + Level 4.3(5.8) Fighting
 - Level 2.4 Dodging
 - Level 2.4 Stealth
 - Level 8.4(10.0) Spellcasting
 - Level 8.0 Conjurations
 + Level 6.8 Hexes
 + Level 5.6 Translocations
 - Level 2.1(3.0) Poison Magic


You had 14 spell levels left.
You knew the following spells:

 Your Spells              Type           Power      Damage    Failure   Level
a - Magic Dart            Conj           100%       1d8       1%          1
b - Searing Ray           Conj           100%       3d7       1%          2
c - Fulminant Prism       Conj/Hex       24%        3d13      2%          4
d - Iskenderun's Mystic   Conj/Tloc      46%        2d10      3%          4
e - Mephitic Cloud        Conj/Pois/Air  31%        N/A       3%          3

Your spell library contained the following spells:

 Spells                   Type           Power      Damage    Failure   Level
 Dazzling Flash           Conj/Hex       98%        N/A       1%          3
 Gell's Gravitas          Tloc           20%        N/A       1%          3
 Teleport Other           Tloc           40%        N/A       1%          3
 Ignite Poison            Fire/Tmut/Pois 17%        N/A       10%         3
 Bolt of Magma            Conj/Fire/Erth 13%        4d8       41%         5
 Dispersal                Tloc           20%        N/A       58%         6


Dungeon Overview and Level Annotations

Branches:
Dungeon (7/15)
 Temple: D:4-7

Altars:
Ashenzari
Elyvilon
Gozag
Nemelex Xobeh
Okawaru
Qazlal
Ru
Wu Jian

Annotations:
D:5 2 transporters, hawla's ghost, amateur DEDe
D:7 Joseph


Message History

Nothing appears to happen.
Joseph shoots a sling bullet.
The sling bullet closely misses you.
Your fulminant prism crackles loudly.
Casting: Fulminant Prism (dangerous; 2% risk of failure)
Confirm with . or Enter, or press ? or * to list all spells.
Aiming: Fulminant Prism (dangerous; 2% risk of failure)
Press: ? - help, Dir - move target You conjure a prism of explosive energy!
A fulminant prism comes into view.
Your fulminant prism explodes!
The blast of energy engulfs Joseph!!
Joseph is moderately wounded.
Casting: Fulminant Prism (dangerous; 2% risk of failure)
Confirm with . or Enter, or press ? or * to list all spells.
Aiming: Fulminant Prism (dangerous; 2% risk of failure)
Press: ? - help, Dir - move target You miscast Fulminant Prism.
Nothing appears to happen.
Your fulminant prism crackles loudly.
Unknown command.
Casting: Fulminant Prism (dangerous; 2% risk of failure)
Confirm with . or Enter, or press ? or * to list all spells.
Aiming: Fulminant Prism (dangerous; 2% risk of failure)
Press: ? - help, Dir - move target You conjure a prism of explosive energy!
A fulminant prism comes into view.
Joseph shoots a sling bullet.
The sling bullet hits you!!
Your fulminant prism explodes!
The blast of energy engulfs Joseph.
Joseph is heavily wounded.
Casting: Fulminant Prism (dangerous; 2% risk of failure)
Confirm with . or Enter, or press ? or * to list all spells.
Aiming: Fulminant Prism (dangerous; 2% risk of failure)
Press: ? - help, Dir - move target You conjure a prism of explosive energy!
A fulminant prism comes into view.
Joseph shoots a sling bullet.
The sling bullet hits you!!
* * * LOW HITPOINT WARNING * * *
Your fulminant prism crackles loudly.
Joseph shoots a sling bullet.
The sling bullet hits you!!
You die...

. ≈≈ ######## ≈≈≈
.......# *≈≈≈
######...... ≈≈≈♣. ###
.#### ######≈≈≈@.. ..
# #..@..≈≈≈♣ .#
#.####≈*≈♣ .# # ##>##
≈≈≈♣ .# #. ##...##
≈≈≈≈ )##
#.#####.....##≈ ≈≈≈
..# #[.............≈
≈≈
..######.#.#.....#...#
#
.........#.##...#....#
...............###...#


You could see Joseph (ally target) and a friendly fulminant prism.

Vanquished Creatures
  A hydra (D:7)
  Maggie (D:7)
  Menkaure (D:4)
  An ogre (D:4)
  A centaur (D:6)
  Blork the orc (D:3)
  2 kobold brigands (D:6)
  A scorpion (D:5)
  A wyvern zombie (D:6)
  A wyvern skeleton (D:6)
  4 wights (D:4)
  3 killer bees (D:7)
  2 centaur zombies
  A jelly (D:5)
  2 hounds (D:6)
  2 centaur skeletons
  2 orc priests
  3 bullfrog skeletons
  An iguana (D:6)
  2 orc wizards (D:6)
  A killer bee zombie (D:5)
  A hound zombie (D:5)
  A hound skeleton (D:4)
  9 adders
  3 white imps (D:6)
  2 ufetubi
  3 worms
  10 dart slugs
  7 orcs
  4 bats (D:3)
  4 endoplasms
  3 giant cockroaches
  13 goblins
  5 hobgoblins
  4 jackals (D:1)
  2 quokkas (D:4)
  10 ball pythons
  6 frilled lizards
  9 kobolds
  4 rats
134 creatures vanquished.

Vanquished Creatures (others)
  7 fulminant prisms
  6 plants (D:6)
13 creatures vanquished.

Grand Total: 147 creatures vanquished

Notes
Turn   | Place    | Note
-------+----------+-------------------------------------------
     0 | D:1      | bnorton916 the Deep Elf Conjurer began the quest for the
                  | Orb.
     0 | D:1      | Reached XP level 1. HP: 10/10 MP: 6/6
   201 | D:1      | Reached XP level 2. HP: 15/15 MP: 4/8
   557 | D:1      | Found a faded altar of an unknown god.
   901 | D:2      | Learned a level 2 spell: Searing Ray
  1023 | D:2      | Reached skill level 5 in Conjurations
  1023 | D:2      | Reached XP level 3. HP: 19/19 MP: 4/10
  1931 | D:3      | Reached XP level 4. HP: 24/24 MP: 7/12
  2355 | D:3      | Reached skill level 5 in Spellcasting
  2910 | D:3      | Found an iron altar of Okawaru.
  3064 | D:3      | Found an ornate altar of the Wu Jian Council.
  3143 | D:3      | Found a broken altar of Ashenzari.
  3147 | D:3      | Saw a vision of the Shoals and the Snake Pit.
  3147 | D:3      | Noticed a merfolk
  3147 | D:3      | Noticed a merfolk
  3147 | D:3      | Noticed a sea snake
  3147 | D:3      | Noticed a merfolk
  3147 | D:3      | Noticed a sea snake
  3147 | D:3      | Noticed a centaur
  3147 | D:3      | Noticed a merfolk
  3147 | D:3      | Noticed a naga warrior
  3147 | D:3      | Noticed a black mamba
  3147 | D:3      | Noticed a salamander
  3147 | D:3      | Noticed a black mamba
  3147 | D:3      | Noticed a naga warrior
  3147 | D:3      | Noticed a black mamba
  3147 | D:3      | Noticed a mana viper
  3147 | D:3      | Noticed a black mamba
  3147 | D:3      | Noticed a naga
  3147 | D:3      | Noticed an anaconda
  3147 | D:3      | Noticed a black mamba
  3147 | D:3      | Noticed a mana viper
  3150 | D:3      | Noticed a black mamba
  3152 | D:3      | Became a worshipper of Ashenzari the Shackled
  3224 | D:4      | Noticed Blork the orc
  3244 | D:3      | Killed Blork the orc
  3245 | D:3      | Reached XP level 5. HP: 5/28 MP: 6/15
  3839 | D:4      | Reached XP level 6. HP: 32/32 MP: 7/17
  4340 | D:4      | Reached XP level 7. HP: 36/36 MP: 13/20
  4423 | D:4      | Found a sacrificial altar of Ru.
  4425 | D:4      | Found an opulent altar of Gozag.
  4569 | D:4      | Noticed Menkaure
  4577 | D:4      | Killed Menkaure
  4734 | D:5      | Entered Level 5 of the Dungeon
  5004 | D:5      | Found a transporter.
  5013 | D:5      | Learned a level 4 spell: Fulminant Prism
  5018 | D:5      | Learned a level 4 spell: Iskenderun's Mystic Blast
  5022 | D:5      | Learned a level 3 spell: Mephitic Cloud
  5143 | D:5      | Noticed hawla's ghost (amateur DEDe)
  5171 | D:5      | Found a transporter.
  5278 | D:5      | Found a white marble altar of Elyvilon.
  5312 | D:5      | Reached skill level 1 in Poison Magic
  5697 | D:6      | Reached skill level 1 in Fighting
  5697 | D:6      | Reached skill level 1 in Hexes
  5697 | D:6      | Reached skill level 1 in Translocations
  5855 | D:6      | Reached XP level 8. HP: 43/43 MP: 19/22
  5885 | D:6      | Reached * piety under Ashenzari
  6326 | D:6      | Found a stormy altar of Qazlal.
  6327 | D:6      | Found a sparkling altar of Nemelex Xobeh.
  6655 | D:7      | Noticed a six-headed hydra
  6680 | D:7      | Killed a six-headed hydra
  6681 | D:7      | Reached skill level 5 in Translocations
  6681 | D:7      | Reached XP level 9. HP: 54/54 MP: 15/25
  6725 | D:7      | Noticed Maggie
  6731 | D:7      | Killed Maggie
  6770 | D:7      | Noticed Joseph
  6781 | D:7      | Shot with a sling bullet by Joseph

Illustrated notes

Levels and vault maps discovered:
D:1:      scummos_arrival_hexagon, layout_loops_ring,
          hellmonk_ecumenical_altar_inner_sanctum
D:2:      layout_loops_ring
D:3:      kennysheep_slugbush, layout_basic, pdpol_wu_jian_five_deadly_venoms,
          mainiacjoe_overflow_alcove_1, grunt_ashenzari_visionary
          [grunt_ashenzari_visionary_shoals, grunt_ashenzari_visionary_snake],
          chequers_serial_rivers_small_a, corexii_leaking_fountain,
          minivault_11, kennysheep_generic_room_5
D:4:      layout_cave_pools, jmf_multi_god_temple, uniq_menkaure,
          uniq_blork_the_orc
D:5:      layout_layer_cave, elyvilon_altar_1, gammafunk_ghost_stat_death
D:6:      layout_rooms, minitemple, serial_bayou_pond_d, corexii_shack,
          wad_floor_pattern_untrapped, lexackson_kobold_supper
D:7:      layout_loops_ring, nicolae_overflow_hidden_temple, xom_redecorated,
          temple_doors_e, nicolae_island_escapes, uniq_joseph, uniq_maggie

Skill      XL: |  1  2  3  4  5  6  7  8 |
---------------+-------------------------+-----
Spellcasting   | 4 5 6 7 8 |  8.4
Conjurations   | 5 6 7 8 |  8.0
Poison Magic   | 1 2 |  2.1
Fighting       | 1 4 |  4.3
Hexes          | 1 6 |  6.8
Translocations | 1 5 |  5.6
Dodging        | |  2.4
Stealth        | |  2.4

Action                   |  1- 3 |  4- 6 |  7- 9 || total
-------------------------+-------+-------+-------++-------
 Cast: Magic Dart        |    68 |    99 |    92 ||   259
       Searing Ray       |       |    12 |    27 ||    39
       Fulminant Prism   |       |       |     9 ||     9
       Iskenderun's Myst |       |       |     2 ||     2
Invok: Curse Item        |       |       |     2 ||     2
Armor: Robe              |       |     1 |    10 ||    11
Dodge: Dodged            |     4 |     9 |    18 ||    31
